 Dungeon Crawl Stone Soup version 0.29-a0-414-g5075937ec3 (webtiles) character file.

Game seed: 2162552024293066473

18529 xian the Basher (level 12, -1/111 HPs)
             Began as a Minotaur Berserker on May 15, 2022.
             Was a Priest of Trog.
             Succumbed to a naga mage's bolt of poison
             ... on level 2 of the Snake Pit.
             The game lasted 00:48:26 (11002 turns).

xian the Basher (Minotaur Berserker)               Turns: 11002, Time: 00:48:26

Health: -1/111     AC: 25    Str: 26    XL:     12   Next: 28%
Magic:  11/11      EV: 14    Int:  4    God:    Trog [***...]
Gold:   425        SH:  0    Dex: 11    Spells: 11/11 levels left

rFire   . . .      SeeInvis .   g - +2 halberd (protect)
rCold   . . .      Faith    .   (shield currently unavailable)
rNeg    . . .      Spirit   .   t - +0 plate armour
rPois   .          Reflect  .   m - +2 hat
rElec   .          Harm     .   u - +1 cloak {Stlth+}
rCorr   .          Rampage  .   O - +2 pair of gloves {infuse}
Will    .....                   r - +0 pair of boots
Stlth   ..........              k - amulet of the acrobat
HPRegen 0.28/turn               a - +4 ring of evasion
MPRegen 0.12/turn               K - ring of flight

@: lethally poisoned (-1 -> -10), on berserk cooldown, flying, slowed, very slow
A: horns 2, retaliatory headbutt
a: Renounce Religion, Berserk, Trog's Hand


You were on level 2 of the Snake Pit.
You worshipped Trog.
Trog was most pleased with you.
You visited 3 branches of the dungeon, and saw 13 of its levels.

You collected 582 gold pieces.
You spent 157 gold pieces at shops.

Inventory:

Hand Weapons
 f - a +2 flail of holy wrath
 g - a +2 halberd of protection (weapon)
Missiles
 o - a throwing net (quivered)
Armour
 m - a +2 hat (worn)
 r - a +0 pair of boots (worn)
 t - a +0 plate armour (worn)
 u - a +1 cloak of stealth (worn)
 I - a +1 cloak of preservation
 O - a +2 pair of gloves of infusion (worn)
Magical Staves
 S - a staff of air
Jewellery
 a - a +4 ring of evasion (left hand)
 k - an amulet of the acrobat (around neck)
 y - a ring of positive energy
 K - a ring of flight (right hand)
 T - a ring of fire
Wands
 D - a wand of iceblast (5)
 J - a wand of paralysis (4)
 L - a wand of flame (22)
 Q - a wand of acid (2)
Scrolls
 c - 6 scrolls of teleportation
 d - 4 scrolls of noise
 h - a scroll of torment {unknown}
 i - 3 scrolls of identify
 j - 4 scrolls of fear
 q - 3 scrolls of blinking
 s - 2 scrolls of magic mapping {unknown}
 w - 2 scrolls of enchant weapon {unknown}
 z - a scroll of brand weapon {unknown}
 A - 2 scrolls of poison {unknown}
 H - 2 scrolls of immolation {unknown}
 M - a scroll of summoning {unknown}
 N - a scroll of enchant armour {unknown}
Potions
 e - 5 potions of brilliance
 l - 2 potions of resistance
 n - 2 potions of haste
 v - 3 potions of flight
 x - a potion of lignification
 B - a potion of berserk rage {unknown}
 C - a potion of ambrosia {unknown}
 E - a potion of invisibility {unknown}
 F - 2 potions of attraction {unknown}
 G - a potion of mutation {unknown}
 P - a potion of might {unknown}
 R - a potion of magic {unknown}


   Skills:
 + Level 11.6 Fighting
 + Level 4.7 Long Blades
 + Level 14.2 Maces & Flails
 + Level 7.0 Polearms
 + Level 12.9 Armour
 + Level 6.3 Dodging
 + Level 1.2 Stealth


You had 11 spell levels left.
You didn't know any spells.
Your spell library was empty.

Dungeon Overview and Level Annotations

Branches:
Dungeon (9/15)             Temple (0/1) D:4            Lair (2/6) D:9
  Snake (2/4) Lair:2
  Swamp: Lair:2-4    Shoals: Lair:2-4       Orc: D:9-12

Altars:
Nemelex Xobeh

Shops:
D:5 (([[


Innate Abilities, Weirdness & Mutations

You have a pair of horns on your head.
You reflexively headbutt those who attack you in melee.


Message History

You start resting.
You feel a strong urge to attack something.
You feel sick.
Unknown command.
You start resting.
You feel very sick.
You feel your anger nearly subside.
You are no longer berserk.
You are exhausted.
You feel yourself slow down.
You feel sick.
You start resting.
You feel very sick.
You feel sick.
A naga mage comes into view. It is wielding a +0 club.
Okay, then.
As you read the scroll of fear, it crumbles to dust.
You assume a fearsome visage.
The naga mage looks frightened!
You feel sick.
Unknown command.
As you read the scroll of identify, it crumbles to dust.
l - 2 potions of resistance You feel sick.
The naga mage moans, "Oh dear!
Oh dear!"
Unknown command.
As you read the scroll of identify, it crumbles to dust.
b - 2 potions of curing You feel sick.
You feel better.
You feel better.
The naga mage seems to regain its courage.
The naga mage gestures wildly while chanting.
The naga mage seems to speed up.
You see here 20 stones.
The naga mage spits poison at you. The splash of poison misses you.
There is a stone staircase leading down here.
The naga mage casts a spell at you. The bolt of poison hits you!!
You are poisoned.
* * * LOW HITPOINT WARNING * * *
You fly downwards.
You die...

.......
.....
..?.?
#...#
#.8.#
##...##
#.....#
#..@..#
#.....#
##...##
#.8.#
#...#
.....
..N..
.N.....


You could see a naga warrior (asleep) and a naga (asleep).

Vanquished Creatures
  2 hydras (Lair:2)
  2 naga warriors (Snake:1)
  A salamander mystic (Snake:1)
  A wizard (D:9)
  2 salamanders (Snake:1)
  4 naga magi (Snake:1)
  2 cane toads (Lair:1)
  4 black mambas (Snake:1)
  The ghost of loir the Skirmisher, a novice DjFE (D:4)
  4 komodo dragons
  6 blink frogs (Lair:2)
  6 dream sheep (Lair:1)
  A shadow (D:9)
  2 wyverns (D:9)
  A steam dragon (D:8)
  6 yaks
  6 nagas
  11 water moccasins
  Edmund (D:4)
  4 orc warriors (D:9)
  An ice beast (D:6)
  4 black bears
  2 sky beasts
  3 centaurs
  2 ogres
  9 wolves (Lair:2)
  2 kobold brigands
  A phantom (D:6)
  8 bullfrogs
  A gnoll sergeant (D:8)
  2 necrophages
  3 scorpions
  10 killer bees (D:8)
  An electric eel (D:7)
  Crazy Yiuf (D:7)
  3 jellies
  6 orc priests
  A gnoll shaman (D:6)
  3 hounds (D:6)
  5 orc wizards
  Natasha (twice) (D:3)
  3 iguanas
  12 gnolls
  6 adders
  A shadow imp (D:3)
  2 white imps (D:7)
  An ufetubus (D:5)
  3 worms
  2 dart slugs (D:3)
  27 orcs
  2 endoplasms
  6 giant cockroaches
  3 goblins
  10 hobgoblins
  5 quokkas
  6 ball pythons
  5 bats
  A frilled lizard (D:1)
  12 kobolds
  A rat (D:3)
245 creatures vanquished.

Vanquished Creatures (others)
  22 fungi
  24 plants
46 creatures vanquished.

Grand Total: 291 creatures vanquished

Notes
Turn   | Place    | Note
-------+----------+-------------------------------------------
     0 | D:1      | xian the Minotaur Berserker began the quest for the Orb.
     0 | D:1      | Reached XP level 1. HP: 19/19 MP: 0/0
   359 | D:1      | Reached XP level 2. HP: 25/27 MP: 1/1
  1301 | D:1      | Found a faded altar of an unknown god.
  1494 | D:2      | Reached XP level 3. HP: 33/33 MP: 2/2
  1551 | D:2      | Reached ** piety under Trog
  1584 | D:2      | You fall into a shaft and drop 1 floor!
  1672 | D:3      | Reached skill level 1 in Polearms
  1682 | D:3      | Noticed Natasha
  1696 | D:3      | Killed Natasha
  1697 | D:3      | Reached XP level 4. HP: 27/41 MP: 3/3
  1921 | D:3      | Reached XP level 5. HP: 21/47 MP: 4/4
  2098 | D:3      | Noticed Natasha
  2105 | D:3      | Killed Natasha
  2358 | D:4      | Reached skill level 5 in Fighting
  2435 | D:4      | Reached *** piety under Trog
  2450 | D:4      | Found a runed translucent door.
  2454 | D:4      | Noticed loir's ghost (novice DjFE)
  2463 | D:4      | Killed loir's ghost
  2464 | D:4      | Reached XP level 6. HP: 57/57 MP: 5/5
  2647 | D:4      | Reached skill level 5 in Polearms
  2647 | D:4      | Reached XP level 7. HP: 54/63 MP: 6/6
  2743 | D:4      | Noticed Edmund
  2764 | D:4      | Killed Edmund
  2914 | D:4      | Found a staircase to the Ecumenical Temple.
  3102 | D:5      | Entered Level 5 of the Dungeon
  3102 | D:5      | Found Ceuwnusu's Weapon Shoppe.
  3109 | D:5      | Found Hirhof's Antique Weapon Shoppe.
  3139 | D:5      | Found Quczaar's Armour Shoppe.
  3141 | D:5      | Found Fiox's Antique Armour Shoppe.
  3152 | D:5      | Bought a glowing cloak for 157 gold pieces
  3222 | D:5      | Reached skill level 1 in Maces & Flails
  3861 | D:6      | Noticed a yak
  3866 | D:6      | Reached XP level 8. HP: 71/71 MP: 7/7
  3872 | D:6      | Reached skill level 5 in Dodging
  3875 | D:6      | Reached skill level 2 in Maces & Flails
  3884 | D:6      | Reached skill level 3 in Maces & Flails
  4095 | D:6      | Reached skill level 4 in Maces & Flails
  4151 | D:6      | Reached skill level 5 in Maces & Flails
  4324 | D:6      | Reached skill level 6 in Maces & Flails
  4762 | D:6      | Reached XP level 9. HP: 79/79 MP: 8/8
  4849 | D:7      | Reached skill level 5 in Armour
  4871 | D:7      | Reached skill level 7 in Maces & Flails
  5124 | D:7      | Found a runed translucent door.
  5125 | D:7      | Noticed Crazy Yiuf
  5130 | D:7      | Killed Crazy Yiuf
  5251 | D:7      | Reached skill level 8 in Maces & Flails
  5345 | D:7      | Reached **** piety under Trog
  5793 | D:8      | Reached skill level 9 in Maces & Flails
  6622 | D:9      | Reached skill level 10 in Maces & Flails
  6622 | D:9      | Reached XP level 10. HP: 90/90 MP: 9/9
  7177 | D:9      | Found a staircase to the Lair.
  7219 | D:9      | Reached skill level 11 in Maces & Flails
  7510 | D:9      | Noticed a wizard
  7520 | D:9      | Killed a wizard
  7760 | D:9      | Found a sparkling altar of Nemelex Xobeh.
  7964 | Lair:1   | Entered Level 1 of the Lair of Beasts
  8049 | Lair:1   | Noticed a cane toad
  8057 | Lair:1   | Killed a cane toad
  8265 | Lair:1   | Reached skill level 10 in Fighting
  8267 | Lair:1   | Reached skill level 12 in Maces & Flails
  8279 | Lair:1   | Reached XP level 11. HP: 82/99 MP: 3/10
  8878 | Lair:2   | Reached skill level 1 in Stealth
  8881 | Lair:2   | Reached skill level 10 in Armour
  9052 | Lair:2   | Found a staircase to the Snake Pit.
  9058 | Lair:2   | Noticed a seven-headed hydra
  9063 | Lair:2   | Reached skill level 13 in Maces & Flails
  9071 | Lair:2   | Killed a seven-headed hydra
  9263 | Lair:2   | Noticed an eight-headed hydra
  9272 | Lair:2   | Killed an eight-headed hydra
  9563 | Snake:1  | Entered Level 1 of the Snake Pit
  9626 | Snake:1  | Noticed a naga warrior
  9639 | Snake:1  | Killed a naga warrior
  9917 | Snake:1  | Reached skill level 14 in Maces & Flails
 10205 | Snake:1  | Noticed a salamander mystic
 10215 | Snake:1  | Killed a salamander mystic
 10216 | Snake:1  | Reached XP level 12. HP: 81/110 MP: 4/11
 10570 | Snake:1  | Noticed a naga warrior
 10587 | Snake:1  | Killed a naga warrior
 11001 | Snake:1  | HP: 2/111 [naga mage/bolt of poison (30)]
 11002 | Snake:2  | Noticed a naga warrior
 11002 | Snake:2  | Succumbed to a naga mage's bolt of poison

Illustrated notes

Levels and vault maps discovered:
D:1:      beargit_arrival_diablo_church, layout_basic,
          hellmonk_ecumenical_altar_inner_sanctum
D:2:      layout_loops_corners, uniq_jessica
D:3:      layout_rooms, minmay_distorted, uniq_natasha
D:4:      layout_loops_ring, minmay_temple_entry_enclosed_plants,
          ebering_ghost_reflecting_pool, hex_large, uniq_edmund
D:5:      layout_cave_pools, serial_rivers, chequers_serial_rivers_large_a,
          chequers_serial_rivers_micro_e, chequers_serial_rivers_room_b,
          chequers_serial_rivers_marsh, chequers_serial_rivers_micro_c,
          chequers_serial_rivers_small_3, minmay_shop_grid_forest
D:6:      layout_basic, serial_corexii_hall, corexii_hall_statues_x,
          corexii_hall_statues_t, minmay_increasing_density
D:7:      layout_basic, minmay_crystal_water, uniq_crazy_yiuf_cottage
D:8:      layout_loops_ring, grunt_ministairs_3
D:9:      layout_basic, nemelex_diamond_rough_becter,
          due_lair_maze_entry_diamond
Lair:1:   layout_roguey, chequers_serial_rivers_large_b
Lair:2:   layout_loops_ring, guppyfry_snake_entry_island, beast_lair_carwin_3
Snake:1:  layout_chambers, nicolae_snake_horde_hoard, uniq_aizul
Snake:2:  layout_rooms, serial_shops, shop, grunt_megastairs_5

Skill      XL: |  1  2  3  4  5  6  7  8  9 10 11 |
---------------+----------------------------------+-----
Fighting       | 4 5 6 7 8 10 11 | 11.6
Long Blades    | 4 |  4.7
Polearms       | 1 2 4 5 6 7 |  7.0
Dodging        | 3 4 5 6 |  6.3
Armour         | 3 4 7 9 12 | 12.9
Maces & Flails | 1 6 10 12 14 | 14.2
Stealth        | 1 |  1.2

Action                   |  1- 3 |  4- 6 |  7- 9 | 10-12 || total
-------------------------+-------+-------+-------+-------++-------
Melee: Falchion          |    42 |       |       |       ||    42
       Headbutt          |     5 |    11 |    42 |    66 ||   124
       Spear             |    44 |    54 |     9 |       ||   107
       Punch             |     2 |       |       |     9 ||    11
       Flail             |       |       |   233 |   325 ||   558
       Halberd           |       |       |       |    12 ||    12
Throw: Throwing net      |       |       |       |     1 ||     1
Invok: Berserk           |       |     1 |    11 |    21 ||    33
       Trog's Hand       |       |       |       |     5 ||     5
  Use: Scroll            |       |       |     4 |     6 ||    10
       Potion            |       |       |       |     2 ||     2
Armor: Animal skin       |    10 |       |       |       ||    10
       Leather armour    |     5 |     2 |       |       ||     7
       Plate armour      |       |       |   150 |   142 ||   292
Dodge: Dodged            |    84 |    45 |   216 |   241 ||   586

Table legend: (Time is in decaauts)
 A = Elapsed time spent in this place.
 B = Non-inter-level travel time spent in this place.
 C = Inter-level travel time spent in this place.
 D = Time resting spent in this place.
 E = Time spent auto-exploring this place.
 F = Levels seen in this place.
 G = Mean time per level.
                   A        B        C        D        E       F      G
               +--------+--------+--------+--------+--------+-----+--------+
         Total |  11284 |  10994 |    290 |   1268 |   6559 |  13 |  868.0 |
       Dungeon |   8171 |   7881 |    290 |    517 |   5049 |   9 |  907.9 |
          Lair |   1635 |   1635 |      0 |    395 |    640 |   2 |  817.5 |
     Snake Pit |   1478 |   1478 |      0 |    355 |    869 |   2 |  739.0 |
               +--------+--------+--------+--------+--------+-----+--------+

Top non-repeatable levels by time:
 Snake:1: 1478 daAuts
     D:1: 1398 daAuts
     D:8: 1366 daAuts
     D:6: 978 daAuts
     D:7: 974 daAuts
     D:9: 911 daAuts
  Lair:1: 868 daAuts
     D:4: 826 daAuts
     D:5: 803 daAuts
  Lair:2: 766 daAuts
     D:3: 722 daAuts
     D:2: 191 daAuts
